 Dungeon Crawl Stone Soup version 0.25-a0-937-gcfae464cf3 (webtiles) character file.

Game seed: 14923768226657384943, levelgen mode: deterministic

35 Esekla the Skirmisher (level 3, 0/20 HPs)
             Began as a Vine Stalker Abyssal Knight on May 5, 2020.
             Was a Follower of Lugonu.
             Succumbed to an adder's poison
             ... on level 2 of the Dungeon.
             The game lasted 00:05:51 (891 turns).

Esekla the Skirmisher (Vine Stalker Abyssal Knight)  Turns: 891, Time: 00:05:51

Health: 0/20       AC:  4    Str: 14    XL:     3   Next: 35%
Magic:  13/14      EV: 11    Int: 13    God:    Lugonu [*.....]
Gold:   76         SH:  0    Dex: 13    Spells: 3/3 levels left

rFire    . . .     SeeInvis .   a - +1 falchion
rCold    . . .     Gourm    .   (no shield)
rNeg     . . .     Faith    .   b - +0 leather armour
rPois    .         Spirit   +   (no helmet)
rElec    .         Reflect  .   (no cloak)
rCorr    .         Harm     .   (no gloves)
MR       .....                  f - +0 pair of boots
Stlth    +.........             (no amulet)
HPRegen  0.06/turn              d - ring of magical power
MPRegen  0.14/turn              (no ring)

@: lethally poisoned (0 -> -2), flying, hasted, very quick
A: fangs 2, magic shield, antimagic bite, no potion heal 3, rot immunity
a: Depart the Abyss, Renounce Religion


You were on level 2 of the Dungeon.
You worshipped Lugonu.
Lugonu was aware of your devotion.
You were not hungry.

You visited 1 branch of the dungeon, and saw 2 of its levels.
You visited the Abyss 1 time.

You collected 76 gold pieces.

Inventory:

Hand Weapons
 a - a +1 falchion (weapon)
 e - a +0 spear
Armour
 b - a +0 leather armour (worn)
 f - a +0 pair of boots (worn)
Jewellery
 d - a ring of magical power (left hand)
Scrolls
 h - a scroll of identify {unknown}
 i - 2 scrolls of remove curse {unknown}
 k - a scroll of immolation {unknown}
 m - a scroll of teleportation {unknown}
Comestibles
 c - 3 rations


   Skills:
 + Level 3.2 Fighting
 * Level 2.3 Long Blades
 + Level 1.8 Armour
 + Level 0.9 Dodging
 * Level 0.6 Spellcasting
 + Level 1.8 Invocations


You had 3 spell levels left.
You didn't know any spells.
Your spell library was empty.

Dungeon Overview and Level Annotations

Branches:
Dungeon (2/15)

Altars:

Annotations:
D:2 Terence


Innate Abilities, Weirdness & Mutations

You have extremely sharp teeth.
When hurt, damage is shared between your health and your magic reserves.
Your bite disrupts and absorbs the magic of your enemies.
Potions cannot restore your health.
You are immune to rotting.


Message History

You feel sick.
Found 12 gold pieces.
* * * LOW HITPOINT WARNING * * *
You feel sick.
It was a potion of haste.
You feel yourself speed up.
It was a potion of flight.
You feel very buoyant.
You fly up into the air.
* * * LOW HITPOINT WARNING * * *
You feel sick.
You see here 12 gold pieces.
* * * LOW HITPOINT WARNING * * *
You feel sick.
You see here 12 gold pieces.
You now have 76 gold pieces (gained 12).
* * * LOW HITPOINT WARNING * * *
You feel sick.
Terence the Incautious comes into view.
He is wielding a +0 falchion.
Terence shouts!
You die...

#.# #.## #### #.# #@.. ..#
#.# #..# ##.##.# #.# #..#
######†..#.# #.# #..#
#......†...# ########.#
#..# #.†......#.#
.........######..#
#...†...##.#
########.........#
#........#.# #.#######@#
#........#.# #.........#
#........#.##
########..####............
#.......##.##.##.##
##.#######.##.##.#
#.†.............#
#################


You could see Terence.

Vanquished Creatures
  2 adders (D:2)
  A dart slug (D:2)
  A ball python (D:1)
  A giant cockroach (D:1)
  4 goblins
  2 hobgoblins
  4 bats
  A frilled lizard (D:1)
  A rat (D:2)
17 creatures vanquished.

Notes
Turn   | Place    | Note
-------+----------+-------------------------------------------
     0 | Abyss:1  | Esekla the Vine Stalker Abyssal Knight began the quest for
                  | the Orb.
     0 | Abyss:1  | Reached XP level 1. HP: 11/11 MP: 3/3
    40 | Abyss:2  | Noticed a sky beast
    57 | D:1      | Escaped the Abyss
   239 | D:2      | Reached XP level 2. HP: 4/16 MP: 4/4
   556 | D:1      | Reached skill level 3 in Fighting
   637 | D:1      | Reached * piety under Lugonu
   809 | D:2      | Reached XP level 3. HP: 20/20 MP: 5/5
   879 | D:2      | HP: 1/20 [poisoned by an adder]
   885 | D:2      | HP: 1/20 [poisoned by an adder]
   890 | D:2      | Noticed Terence
   891 | D:2      | Succumbed to an adder's poison

Levels and vault maps discovered:
D:1:      heliophobic_arrival_enchanted_forest, layout_basic, interstate_on_off,
          minmay_strange_pillars, lemuel_another_geyser
D:2:      layout_loops_ring, uniq_terence

Skill      XL: |  1  2 |
---------------+-------+-----
Long Blades    | 2 |  2.3
Fighting       | 3 |  3.2
Armour         | |  1.8
Dodging        | |  0.9
Spellcasting   | |  0.6
Invocations    | |  1.8

Action                   || total
-------------------------++-------
Melee: Falchion          ||    62
       Bite              ||    10
Invok: Depart the Abyss  ||     1
  Use: Potion            ||     2
Armor: Leather armour    ||    22
Dodge: Dodged            ||    37
       Rpst.: Falchion   ||    13

Table legend:
 A = Non-vault XP
 B = Vault XP
 C = Vault XP percentage of total XP
 D = Non-vault monster count
 E = Vault monster count
 F = Vault count percentage of total count
                 A         B        C        D         E       F
            +---------+---------+-------+---------+---------+-------
      Total |      51 |       0 |   0.0 |      17 |       0 |   0.0
            +---------+---------+-------+---------+---------+-------
        D:1 |      13 |       0 |   0.0 |       8 |       0 |   0.0
        D:2 |      38 |       0 |   0.0 |       9 |       0 |   0.0
            +---------+---------+-------+---------+---------+-------
